 Dungeon Crawl Stone Soup version 0.29-a0-821-g6639535 (webtiles) character file.

Game seed: 2885795355061176509

4035 Illumine the Cleaver (level 10, -3/91 HPs)
             Began as a Minotaur Fighter on July 7, 2022.
             Was a Believer of Makhleb.
             Slain by an orc warrior
             ... wielding a +0 battleaxe
              (6 damage)
             ... on level 8 of the Dungeon.
             The game lasted 00:06:11 (7653 turns).

Illumine the Cleaver (Minotaur Fighter)             Turns: 7653, Time: 00:06:11

Health: -3/91      AC: 12    Str: 25    XL:     10   Next: 4%
Magic:  9/9        EV: 10    Int:  5    God:    Makhleb [**....]
Gold:   192        SH:  4    Dex: 10    Spells: 9/9 levels left

rFire   + . .      SeeInvis .   F - +4 broad axe (freeze)
rCold   . . .      Faith    +   c - +0 buckler
rNeg    + . .      Spirit   .   b - +0 scale mail
rPois   .          Reflect  .   (helmet restricted)
rElec   .          Harm     .   t - scarf {shadows}
rCorr   .          Rampage  .   y - +1 Delatra's gloves {ID++}
Will    .....                   C - +0 pair of boots
Stlth   ..........              j - amulet of faith
HPRegen 0.25/turn               e - ring of protection from fire
MPRegen 0.11/turn               k - ring of positive energy

@: no status effects
A: horns 2, retaliatory headbutt
a: Renounce Religion, Minor Destruction


You were on level 8 of the Dungeon.
You worshipped Makhleb.
Makhleb was pleased with you.
You visited 1 branch of the dungeon, and saw 8 of its levels.

You collected 422 gold pieces.
You spent 230 gold pieces at shops.

Inventory:

Hand Weapons
 F - a +4 broad axe of freezing (weapon)
 H - the +7 dire flail of Ehulom {protect, rF++ rC+ Will+ Stlth-}
   (You took it off an ogre on level 7 of the Dungeon)

   It grants its wielder temporary protection when it strikes (+7 to AC).
   rF:        It greatly protects you from fire.
   rC:        It protects you from cold.
   Will:      It increases your willpower.
   Stlth:     It makes you less stealthy.
Missiles
 o - 2 boomerangs of dispersal (quivered)
Armour
 b - a +0 scale mail (worn)
 c - a +0 buckler (worn)
 t - a scarf of shadows (worn)
 y - the +1 Delatra's gloves (worn) {ID++}
   (You found it on level 4 of the Dungeon)

   It heals its wearer when they drink unknown potions.
   It restores its wearer's MP when they read unknown scrolls.
 C - a +0 pair of boots (worn)
Jewellery
 a - the ring of Conformity {Fly Str+4}
   (You found it on level 5 of the Dungeon)

   [ring of flight]

   Str:       It affects your strength (+4).
   Fly:       It grants you flight.
 e - a ring of protection from fire (left hand)
 f - an amulet of reflection
 j - an amulet of faith (around neck)
 k - a ring of positive energy (right hand)
 u - a ring of poison resistance
 A - a ring of fire
Wands
 d - a wand of roots (3)
 w - a wand of light (8)
Scrolls
 g - 4 scrolls of teleportation
 h - a scroll of vulnerability {unknown}
 i - 2 scrolls of immolation
 n - a scroll of fog {unknown}
 p - 3 scrolls of fear
 q - a scroll of brand weapon {unknown}
 s - 3 scrolls of magic mapping {unknown}
 v - a scroll of amnesia {unknown}
 x - a scroll of noise {unknown}
 z - a scroll of acquirement {unknown}
 B - 3 scrolls of enchant armour {unknown}
Potions
 l - 5 potions of curing
 m - a potion of lignification {unknown}
 r - 2 potions of resistance
 D - a potion of magic {unknown}
 E - a potion of might
 G - 2 potions of invisibility {unknown}


   Skills:
 + Level 9.3 Fighting
 * Level 12.3 Axes
 + Level 9.3 Armour
 - Level 2.0 Dodging
 - Level 4.0 Shields


You had 9 spell levels left.
You didn't know any spells.
Your spell library contained the following spells:

 Spells                   Type           Power      Damage    Failure   Level
 Magic Dart               Conj           0%         1d3       82%         1
 Searing Ray              Conj           0%         2d4       91%         2
 Fulminant Prism          Conj/Hex       0%         3d6       100%        4


Dungeon Overview and Level Annotations

Branches:
Dungeon (8/15)             Temple (0/1) D:6
   Lair: D:8-11

Altars:
Ashenzari
Dithmenos
Makhleb
Xom
Yredelemnul

Shops:
D:2 ([=   D:7 :

Annotations:
D:7 Think's ghost, novice OpFi


Innate Abilities, Weirdness & Mutations

You have a pair of horns on your head.
You reflexively headbutt those who attack you in melee.


Message History

You feel very sick.
The orc warrior hits you with a +0 battleaxe!
The gnoll sergeant hits you with a +4 spear of venom.
You are more poisoned.
The gnoll barely misses you.
You hit the orc warrior. You freeze the orc warrior.
The orc warrior is heavily wounded.
You slash the gnoll sergeant! You freeze the gnoll sergeant.
You kill the gnoll sergeant!
Makhleb accepts your kill.
You feel very sick. The gnoll hits you but does no damage.
The orc warrior hits you with a +0 battleaxe.
You hit the orc warrior but do no damage.
The orc warrior is heavily wounded.
You feel very sick. You block the gnoll's attack.
The orc warrior hits you with a +0 battleaxe!
* * * LOW HITPOINT WARNING * * *
Unknown command.
You closely miss the orc warrior.
The orc warrior is heavily wounded.
* * * LOW HITPOINT WARNING * * *
You feel very sick.
The gnoll hits you from afar with a +0 spear!
* * * LOW HITPOINT WARNING * * *
You block the orc warrior's attack.
You feel better. The orc warrior closely misses you. You furiously retaliate!
You headbutt the orc warrior, but do no damage.
The gnoll hits you but does no damage.
Unknown command.
You hit the orc warrior. You freeze the orc warrior.
The orc warrior is heavily wounded.
You block the gnoll's attack.
The orc warrior hits you with a +0 battleaxe!
* * * LOW HITPOINT WARNING * * *
Unknown command.
The gnoll hits you but does no damage.
The orc warrior hits you with a +0 battleaxe.
You die...

############ ###..........###
#.....######...#
##.....########.# .
.............##.############...
##.....#####.##..(...........#
#.....# #.###########.#####
####.### #.#.<@## ##.## # ......#
#....og#####...####.## ####..###
#....).....g.#........ #.......#
#......#####...#.#.##.
#..##.#.####.....## ##..#.#.##.
........)........... ....#)#.#P.
#######################...#.#...P
.#.##og.P.. .##. #ยง..PP.


You could see an orc warrior and a gnoll.

Vanquished Creatures
  Pikel (D:8)
  Grinder (D:4)
  A yak (D:8)
  2 steam dragons
  An acid dragon (D:7)
  3 water moccasins
  An orc warrior (D:8)
  3 black bears
  2 ogres
  A sky beast (D:6)
  3 ice beasts
  2 phantoms (D:4)
  A kobold brigand (D:6)
  A bullfrog (D:6)
  2 necrophages
  4 scorpions
  A gnoll sergeant (D:8)
  3 wights (D:7)
  A hound (D:4)
  2 jellies
  A gnoll bouda (D:5)
  2 orc priests (D:5)
  3 iguanas (D:5)
  9 orc wizards
  12 gnolls
  6 adders
  2 ufetubi
  6 worms
  3 dart slugs
  28 orcs
  8 ball pythons
  9 bats
  14 endoplasms
  5 giant cockroaches
  6 goblins
  6 hobgoblins
  4 jackals (D:2)
  2 quokkas (D:4)
  4 frilled lizards
  11 kobolds
  2 quokka zombies (D:5)
  7 rats
  A spectral goblin (D:1)
187 creatures vanquished.

Vanquished Creatures (others)
  A goblin (D:1)
  10 fungi (D:8)
  9 plants (D:8)
20 creatures vanquished.

Grand Total: 207 creatures vanquished

Notes
Turn   | Place    | Note
-------+----------+-------------------------------------------
     0 | D:1      | Illumine the Minotaur Fighter began the quest for the Orb.
     0 | D:1      | Reached XP level 1. HP: 19/19 MP: 0/0
    55 | D:1      | Reached XP level 2. HP: 27/27 MP: 1/1
   122 | D:1      | Reached skill level 3 in Axes
   539 | D:1      | Found a faded altar of an unknown god.
   635 | D:2      | Reached XP level 3. HP: 33/33 MP: 2/2
   765 | D:2      | Found Viufell's Armour Shop.
   887 | D:2      | Found Ackocul's Jewellery Shop.
  1268 | D:2      | Found Utudwo's Weapon Boutique.
  1492 | D:2      | Reached skill level 4 in Axes
  1492 | D:2      | Reached XP level 4. HP: 40/40 MP: 3/3
  2206 | D:3      | Found a broken altar of Ashenzari.
  2352 | D:3      | Reached XP level 5. HP: 38/47 MP: 4/4
  2414 | D:3      | Found a shadowy altar of Dithmenos.
  2824 | D:4      | Reached skill level 5 in Axes
  2824 | D:4      | Found the +1 Delatra's gloves {ID++}
  3020 | D:4      | Noticed a phantom
  3027 | D:4      | Killed a phantom
  3028 | D:4      | Reached skill level 5 in Fighting
  3028 | D:4      | Reached skill level 5 in Armour
  3028 | D:4      | Reached XP level 6. HP: 49/56 MP: 5/5
  3346 | D:4      | Reached skill level 6 in Axes
  3359 | D:4      | Noticed Grinder
  3365 | D:4      | Killed Grinder
  3366 | D:4      | Reached XP level 7. HP: 58/62 MP: 6/6
  3544 | D:4      | Reached skill level 7 in Axes
  3611 | D:4      | Found a basalt altar of Yredelemnul.
  3767 | D:5      | Entered Level 5 of the Dungeon
  4130 | D:5      | Reached skill level 8 in Axes
  4319 | D:5      | Reached XP level 8. HP: 23/71 MP: 7/7
  4855 | D:2      | Bought a +2 broad axe of freezing for 230 gold pieces
  5150 | D:5      | Identified the ring of Conformity {Fly Str+4}
  5372 | D:6      | Reached skill level 9 in Axes
  5391 | D:6      | Reached skill level 1 in Dodging
  5546 | D:6      | Found a staircase to the Ecumenical Temple.
  5635 | D:6      | Found a burning altar of Makhleb.
  5635 | D:6      | Noticed a blizzard demon
  5654 | D:6      | Noticed an orange demon
  5656 | D:6      | Became a worshipper of Makhleb the Destroyer
  5786 | D:6      | Reached skill level 10 in Axes
  5786 | D:6      | Reached XP level 9. HP: 80/80 MP: 8/8
  5822 | D:6      | Found a shimmering altar of Xom.
  5964 | D:6      | Reached * piety under Makhleb
  5995 | D:6      | Found a glowing drain.
  6165 | D:7      | Found Hizoazuck's Book Boutique.
  6451 | D:7      | Found a transporter.
  6451 | D:7      | Found a transporter.
  6452 | D:7      | Noticed Think's ghost (novice OpFi)
  6453 | D:7      | Identified the +7 dire flail of Ehulom {protect, rF++ rC+
                  | Will+ Stlth-}
  6587 | D:7      | Reached skill level 11 in Axes
  7105 | D:8      | Reached ** piety under Makhleb
  7269 | D:8      | Noticed Pikel
  7283 | D:8      | Reached skill level 12 in Axes
  7287 | D:8      | Killed Pikel
  7288 | D:8      | Reached XP level 10. HP: 9/91 MP: 9/9
  7292 | D:8      | HP: 4/91 [poisoned by a gnoll sergeant]
  7652 | D:8      | HP: 3/91 [orc warrior/+0 battleaxe (12)]
  7653 | D:8      | Slain by an orc warrior

Illustrated notes

Levels and vault maps discovered:
D:1:      wander_arrival_abandoned_jail, layout_rooms,
          dreamdust_ecumenical_altar_drowned_temple
D:2:      layout_basic, serial_shops, nicolae_shop_statue_plus, shop,
          nicolae_shop_bloodbath_and_beyond
D:3:      layout_basic, mainiacjoe_overflow_cross_hatched,
          mainiacjoe_overflow_boulevard, hangedman_decor_clover_reticule
D:4:      layout_loops_ring, mainiacjoe_overflow_alcove_4, uniq_grinder
D:5:      layout_basic, enter_ossuary_4
D:6:      layout_cave_pools, makhleb_altar_promises_db,
          mainiacjoe_overflow_small_starburst, minmay_temple_entry_tees,
          gup_sewer_entry_bubbles
D:7:      layout_cave_pools, gammafunk_ghost_smash, serial_shops, shop_statue
D:8:      minmay_the_grid_triangle_9x9_recursive_2
          [minmay_the_grid_triangle_9x9_prize_insulated,
          minmay_the_grid_triangle_9x9_fully_insulated_deathbox,
          minmay_the_grid_triangle_9x9_sprig,
          minmay_the_grid_triangle_9x9_windchime], layout_loops_ring,
          trog_antimagical, grunt_lair_entry_orc_guard_hut, serial_shops,
          nicolae_shop_stone, uniq_pikel

Skill      XL: |  1  2  3  4  5  6  7  8  9 |
---------------+----------------------------+-----
Axes           | 3 4 5 6 8 10 12 | 12.3
Shields        | 4 |  4.0
Armour         | 4 5 6 7 9 |  9.3
Fighting       | 4 5 6 7 9 |  9.3
Dodging        | 2 |  2.0

Action                   |  1- 3 |  4- 6 |  7- 9 | 10-12 || total
-------------------------+-------+-------+-------+-------++-------
Melee: War axe           |    76 |   102 |   101 |       ||   279
       Headbutt          |    11 |    10 |    33 |       ||    54
       Broad axe         |       |       |   143 |     7 ||   150
  Use: Potion            |       |     1 |       |     1 ||     2
       Scroll            |       |       |     8 |       ||     8
Armor: Scale mail        |    35 |    41 |   116 |     6 ||   198
Dodge: Dodged            |    42 |    46 |   119 |     4 ||   211
Block: Buckler           |    21 |    33 |    61 |     5 ||   120

Table legend: (Time is in decaauts)
 A = Elapsed time spent in this place.
 B = Non-inter-level travel time spent in this place.
 C = Inter-level travel time spent in this place.
 D = Time resting spent in this place.
 E = Time spent auto-exploring this place.
 F = Levels seen in this place.
 G = Mean time per level.
                   A        B        C        D        E       F      G
               +--------+--------+--------+--------+--------+-----+--------+
         Total |   7786 |   7427 |    359 |    448 |   5798 |   8 |  973.2 |
       Dungeon |   7786 |   7427 |    359 |    448 |   5798 |   8 |  973.2 |
               +--------+--------+--------+--------+--------+-----+--------+

Top non-repeatable levels by time:
     D:5: 1516 daAuts
     D:2: 1355 daAuts
     D:7: 1259 daAuts
     D:4: 1040 daAuts
     D:3: 921 daAuts
     D:6: 839 daAuts
     D:1: 618 daAuts
     D:8: 235 daAuts
